 Dungeon Crawl Stone Soup version 0.21.1-1-g345015fe64 (webtiles) character file.

538 RepoMan the Insei (level 7, 57/57 HPs)
             Began as a White Draconian Transmuter on July 7, 2018.
             Got out of the dungeon alive.
             The game lasted 00:22:09 (3633 turns).

RepoMan the Insei (White Draconian Transmuter)      Turns: 3633, Time: 00:22:10

Health: 57/57      AC:  9    Str: 13    XL:     7   Next: 5%
Magic:  12/12      EV: 12    Int: 13    God:
Gold:   243        SH:  0    Dex: 13    Spells: 6/12 levels left

rFire    . . .     SeeInvis .     - Unarmed
rCold    + . .     Gourm    .   (no shield)
rNeg     . . .     Faith    .   (armour unavailable)
rPois    .         Spirit   .   (helmet restricted)
rElec    .         Reflect  .   (no cloak)
rCorr    .         Harm     .   x - +2 pair of gloves
MR       .....                  (no boots)
Stlth    +.........             (no amulet)
HPRegen  0.19/turn              (no ring)
MPRegen  0.13/turn              (no ring)

@: no status effects
A: breathe frost, unfitting armour, cold resistance 1, cold-blooded, AC +6
a: Breathe Frost


You escaped.
You were not hungry.

You visited 1 branch of the dungeon, and saw 4 of its levels.
You also visited: Ossuary.

You collected 243 gold pieces.

Inventory:

Missiles
 a - 9 arrows
 o - 6 javelins (quivered)
Armour
 x - a +2 pair of gloves (worn)
Jewellery
 f - an uncursed ring of fire {unknown}
 k - an uncursed ring of poison resistance {unknown}
Scrolls
 g - 2 scrolls of teleportation
 n - 7 scrolls of remove curse
 s - a scroll of amnesia
 w - a scroll of immolation
Potions
 d - 2 potions of cancellation
 e - 3 potions of mutation {unknown}
 h - a potion of ambrosia {unknown}
 i - 2 potions of curing
 j - a potion of might {unknown}
 l - 6 potions of heal wounds {unknown}
 m - a potion of resistance {unknown}
 r - a potion of brilliance {unknown}
 t - 2 potions of haste {unknown}
 z - 2 potions of flight {unknown}
Books
 b - a book of Changes

   Spells                             Type                      Level
   a - Beastly Appendage              Transmutation                1
   b - Sticks to Snakes               Transmutation                2
   c - Spider Form                    Transmutation/Poison         3
   d - Ice Form                       Ice/Transmutation            4
   e - Blade Hands                    Transmutation                5
Comestibles
 c - 6 rations
 p - 2 chunks of flesh


   Skills:
 + Level 3.2 Fighting
 - Level 1.7 Dodging
 * Level 5.2 Unarmed Combat
 + Level 3.4 Spellcasting
 * Level 4.7 Transmutations


You had 6 spell levels left.
You knew the following spells:

 Your Spells              Type           Power        Failure   Level  Hunger
a - Beastly Appendage     Tmut           ##....       3%          1    #......
c - Spider Form           Tmut/Pois      #.........   26%         3    ###....
v - Sticks to Snakes      Tmut           ##......     4%          2    ##.....


Dungeon Overview and Level Annotations

Branches:
Dungeon (4/15)
 Temple: D:4-7

Altars:


Innate Abilities, Weirdness & Mutations

You can breathe waves of freezing cold.
You can buffet flying creatures when you breathe cold.
Your icy white scales are hard. (AC +6)
You cannot fit into any form of body armour.
Your flesh is cold resistant. (rC+)
You are cold-blooded and may be slowed by cold attacks.


Message History

There is a stone staircase leading up here.
You climb upwards.
There is a stone staircase leading down here.
There is a stone staircase leading up here.
You climb upwards.
There is a stone staircase leading down here.
There is a stone staircase leading up here.
You climb upwards.
There is a stone staircase leading down here.
Press: ? - help, v - describe, . - travel A permanent teleport trap.
Unknown command.
Really walk into that permanent teleport trap?
You enter a permanent teleport trap!
Your surroundings suddenly seem different.
There's nothing to close nearby.
You can't go up here!
There is a staircase leading out of the dungeon here.
Are you sure you want to leave the Dungeon?
This will make you lose the game!
You have escaped!

####...######......# ####....###
#######.#### #....####
##..........#
###.############.....##....###
.............................####
...#########.##.......(###.......
.### ###############....######
#########.........# ####.###
..[.............@.##### #...#
.#########........#^.># ###.# #
##### ##........##### #[# ##
....# ##...#.....##.# #.###.
.#### ##...###....##.# #..#.. .#
##...## ##.####.# ##.#.# .#
##...## #.# #.# #.... .# ##...##
####.## #.# ##...) .# #...##
#.....###.## ###..#.#


There were no monsters in sight!

Vanquished Creatures
  An ogre (D:4)
  3 centaur zombies (Ossuary)
  An orc priest (D:4)
  A hound (D:4)
  Jessica (D:2)
  3 big kobold zombies (Ossuary)
  6 mummies (Ossuary)
  6 gnolls
  2 adders
  2 oozes
  A dart slug (D:3)
  2 worms (D:2)
  2 leopard geckos
  3 orcs (D:4)
  A ball python (D:3)
  7 bats
  3 giant cockroaches (D:3)
  6 goblins
  5 hobgoblins
  6 jackals (D:1)
  2 kobolds
  A quokka (D:2)
  2 hobgoblin zombies (Ossuary)
  9 rats
76 creatures vanquished.

Notes
Turn   | Place    | Note
-------+----------+-------------------------------------------
     0 | D:1      | RepoMan the Draconian Transmuter began the quest for the Orb.
     0 | D:1      | Reached XP level 1. HP: 16/16 MP: 3/3
   229 | D:1      | Reached XP level 2. HP: 17/23 MP: 3/5
   243 | D:1      | Learned a level 2 spell: Sticks to Snakes
   706 | D:1      | Reached XP level 3. HP: 28/28 MP: 4/6
   825 | D:2      | Learned a level 3 spell: Spider Form
   825 | D:2      | Noticed Jessica
   829 | D:2      | Killed Jessica
  1076 | D:2      | Reached XP level 4. HP: 30/36 MP: 5/7
  1754 | D:3      | Reached skill level 4 in Unarmed Combat
  2240 | D:3      | Reached XP level 5. HP: 39/41 MP: 9/9
  2390 | D:4      | Noticed an ogre
  2411 | D:4      | Killed an ogre
  2411 | D:4      | Reached XP level 6. HP: 18/50 MP: 2/10
  2501 | D:4      | Found a sand-covered staircase.
  2585 | Ossuary  | Entered an ossuary
  3190 | Ossuary  | Reached skill level 5 in Unarmed Combat
  3481 | D:4      | Your scales start taking on an icy white colour.
  3481 | D:4      | Reached XP level 7. HP: 52/57 MP: 8/12
  3481 | D:4      | Gained mutation: Your flesh is cold resistant. (rC+) [White Draconian growth]
  3633 | D:$      | Got out of the dungeon alive.

Skill      XL: |  1  2  3  4  5  6 |
---------------+-------------------+-----
Transmutations | 3 4 |  4.7
Fighting       | 2 3 |  3.2
Unarmed Combat | 4 5 |  5.2
Spellcasting   | 3 |  3.4
Dodging        | |  1.7

Action                   |  1- 3 |  4- 6 |  7- 9 || total
-------------------------+-------+-------+-------++-------
Melee: Unarmed           |    92 |   159 |     8 ||   259
       Kick              |    11 |     7 |       ||    18
       Tailslap          |     5 |    13 |       ||    18
       Headbutt          |     3 |    12 |       ||    15
Throw: Javelin           |     9 |    27 |       ||    36
 Cast: Beastly Appendage |    18 |    15 |       ||    33
       Spider Form       |       |    10 |       ||    10
       Sticks to Snakes  |       |     3 |       ||     3
 Abil: Breathe Frost     |       |       |     1 ||     1
  Use: Scroll            |       |    12 |       ||    12
       Potion            |       |     1 |       ||     1
 Stab: Sleeping          |       |     1 |       ||     1
       Distracted        |       |     1 |       ||     1
  Eat: Chunk             |     1 |     6 |     1 ||     8
       Ration            |       |     1 |       ||     1
Armor: Skin              |    14 |    35 |     1 ||    50
Dodge: Dodged            |    52 |    85 |     4 ||   141
